Unix NetHack Version 5.0.0-0 post-release - last build Jun 10 2026 00:39:30 (3ee93aec679c4c4259841fe613dc97188e26a321,branch:main).

Game began 2026-06-23 03:13:11, ended 2026-06-23 03:40:34.

JohnDarcy, neutral male human Tourist

  -----
  |(..-#
  |$(.|#            --------                             ------------
  |]..|#            |......{|                            |..........|    -----
  |%..|#         ###.........###                         |..........|    |...|
  |[..|#         #  |>......|  #                         |..........|#   |.<.|
  |.[.|#         #  --------   #     --------            |..........|####....|
  -----#         #             ###   |......|            |...........#   -----
       #         #               #   |......|            ----.-------#
       #         #               #   |.......######        ###       #
       #         #               ####|......|     #        #         #
       #---------#                  #-......|     #        #         #
       #|o+sF...|#                   |......|     ##   #####         #
       q|Bo:.....#                   --------      #  -.----------- #
       q@f#.....|                                  #  |...........| #
        ---------                                  #  |...........| #
                                                   ###-............##
                                                      |...........|
                                                      -------------

JohnDarcy the Sightseer     St:11 Dx:12 Co:17 In:9 Wi:8 Ch:13  Neutral
Dlvl:5  $:248 HP:0(32) Pw:11(11) AC:6  Xp:3 T:1809  Fly

Latest messages:
 You write in the dust with your fingertip.
 What do you want to write in the dust here? Elbereth
 The hill orc reads a scroll labeled ANDOVA BEGARIN!
 A giant bat suddenly appears close by!
 A hill orc suddenly appears close by!
 A hill orc suddenly appears close by!
 A fog cloud suddenly appears close by!
 A newt suddenly appears close by!
 A rothe suddenly appears next to you!
 A rothe suddenly appears next to you!
 An iguana suddenly appears close by!
 A centipede suddenly appears close by!
 A yellow mold suddenly appears close by!
 A hobbit suddenly appears close by!
 Sponge misses the hill orc.
 There is a doorway here.
 Something is written here in the dust.
 You read: "Elber4th".
 What do you want to write with? [- avGT or ?*] -
 Do you want to add to the current engraving? [ynq] (y) n
 You wipe out the message that was written in the dust here.
 You write in the dust with your fingertip.
 What do you want to write in the dust here? Elbereth
 The rothe turns to flee.
 The rothe hits!
 The rothe misses!
 The rothe bites!
 The hill orc turns to flee.
 The hill orc swings her curved sword.
 The hill orc hits!
 Sponge bites the hill orc.
 The hill orc is killed!
 The giant bat turns to flee.
 Sponge bites the giant bat.
 The giant bat misses Sponge.
 There is a doorway here.
 Something is written here in the dust.
 You read: "Elbereth".
 What do you want to put on? [vQ or ?*] Q
 Q - an amulet of flying (being worn).
 You are now in flight.
 The rothe hits!
 The rothe bites!
 The rothe bites again!
 You die...
 Do you want your possessions identified? [ynq] (y) y
 Do you want to see your attributes? [ynq] (y) y
 Do you want an account of creatures vanquished? [ynaq] (y) y
 Do you want to see your conduct and achievements? [ynq] (y) y
 Do you want to see the dungeon overview? [ynq] (y) y

Inventory:
 Coins    ('$')
  $ - 248 gold pieces
 Amulets  ('"')
  Q - an uncursed amulet of flying (being worn)
 Weapons  (')')
  a - 23 +2 darts (at the ready)
  G - a +0 mace
 Armor    ('[')
  B - an uncursed +0 dunce cap
  F - an uncursed +0 helmet (being worn)
  C - an uncursed +0 pair of water walking boots (being worn)
  E - an uncursed +0 shield of reflection (being worn)
  i - an uncursed +0 Hawaiian shirt with a toucan motif (being worn)
 Comestibles  ('%')
  j - 4 uncursed food rations
  e - 5 uncursed tripe rations
  b - an uncursed tin of smoked newt meat
 Scrolls  ('?')
  y - 2 uncursed scrolls of amnesia
  M - an uncursed scroll of confuse monster
  p - an uncursed scroll of destroy armor
  u - an uncursed scroll of enchant armor
  N - an uncursed scroll of enchant weapon
  r - a cursed scroll of gold detection
  h - 4 uncursed scrolls of magic mapping
 Potions  ('!')
  g - an uncursed potion of extra healing
  w - an uncursed potion of healing
  n - a cursed potion of object detection
 Rings    ('=')
  v - a cursed -2 ring of protection
 Tools    ('(')
  k - an uncursed credit card
  c - an expensive camera (0:68)
  o - an uncursed leash
  R - an uncursed lock pick
  z - an uncursed magic whistle
  q - an uncursed oil lamp
  P - an uncursed tin whistle
 Gems/Stones  ('*')
  T - an uncursed worthless piece of yellow glass

JohnDarcy the Tourist's attributes:

Background:
 You were a Sightseer, a level 3 male human Tourist.
 You were neutral, on a mission for The Lady
 who was opposed by Blind Io (lawful) and Offler (chaotic).
 You were right-handed.
 You were in the Dungeons of Doom, on level 5.
 You entered the dungeon 1809 turns ago.
 It was nighttime.
 You had 50 experience points, 30 more were needed to attain level 4.

Basics:
 You had 0 out of 32 hit points.
 You had all 11 energy points (spell power).
 Your armor class was 6.
 Your wallet contained 248 zorkmids.
 Autopickup was off.

Final Characteristics:
 Your strength was 11 (limit:18/100).
 Your dexterity was 12 (limit:18).
 Your constitution was 17 (limit:18).
 Your intelligence was 9 (peak:14, limit:18).
 Your wisdom was 8 (limit:18).
 Your charisma was 13 (limit:18).

Final Status:
 You were flying.
 You weren't hungry.
 You were unencumbered.
 You were bare handed.
 You were unskilled in bare handed combat.

Final Attributes:
 You were nominally aligned.
 You could walk on water.
 You had reflection.
 You are dead.

Miscellaneous:
 You didn't encounter any bones levels.
 Total elapsed playing time was 27 minutes and 22 seconds.

Major events:
 Turn
    1: JohnDarcy the neutral male human Tourist entered the dungeon
 1505: attained the rank of Sightseer (level 3)
 1809: killed by a rothe

You didn't know any spells.

Skills:
 Fighting Skills
   bare handed combat [Unskilled]
   two weapon combat  [Unskilled]
   riding             [Unskilled]
 Weapon Skills
   dagger             [Unskilled]
   knife              [Unskilled]
   axe                [Unskilled]
   pick-axe           [Unskilled]
   short sword        [Unskilled]
   broadsword         [Unskilled]
   long sword         [Unskilled]
   two-handed sword   [Unskilled]
   saber              [Unskilled]
   mace               [Unskilled]
   morning star       [Unskilled]
   flail              [Unskilled]
   hammer             [Unskilled]
   quarterstaff       [Unskilled]
   polearms           [Unskilled]
   spear              [Unskilled]
   trident            [Unskilled]
   lance              [Unskilled]
   bow                [Unskilled]
   sling              [Unskilled]
   crossbow           [Unskilled]
   dart               [Basic]
   shuriken           [Unskilled]
   boomerang          [Unskilled]
   whip               [Unskilled]
   unicorn horn       [Unskilled]
 Spellcasting Skills
   divination spells  [Unskilled]
   enchantment spells [Unskilled]
   escape spells      [Unskilled]

Voluntary challenges:
 Character rerolling was not enabled.
 You were vegetarian.
 You never hit with a wielded weapon.
 You never genocided any monsters.
 You never polymorphed an object.
 You never changed form.
 You used no wishes.
Achievements:
 You entered a shop.
 You attained the rank of Sightseer.

 The Dungeons of Doom: levels 1 to 5
    Level 1:
       Some fountains.
    Level 2:
       A grave.
    Level 3:
       An altar to The Lady, a fountain, a grave.
    Level 4:
       An armor shop.
    Level 5: <- You were here.
       A general store, a fountain.
       Final resting place for
          you, killed by a rothe.


Vanquished creatures:
  a floating eye
  a hill orc
  a werejackal
  a coyote
  a large kobold
  a gecko
  4 jackals
  a goblin
  a sewer rat
  a grid bug
  2 bats
  a lichen
  5 newts
21 creatures vanquished.

No species were genocided or became extinct.

Game over:
                       ----------
                      /          \
                     /    REST    \
                    /      IN      \
                   /     PEACE      \
                  /                  \
                  |    JohnDarcy     |
                  |      248 Au      |
                  |   killed by a    |
                  |      rothe       |
                  |                  |
                  |                  |
                  |       2026       |
                 *|     *  *  *      | *
        _________)/\\_//(\/(/\)/\//\/|_)_______

Aloha JohnDarcy the Tourist...

You died in The Dungeons of Doom on dungeon level 5 with 574 points,
and 248 pieces of gold, after 1809 moves.
You were level 3 with a maximum of 32 hit points when you died.

